 Dungeon Crawl Stone Soup version 0.25-a0-663-gace7076f2c (webtiles) character file.

Game seed: 1187351854984139648, levelgen mode: deterministic

465 Arthanis the Chopper (level 7, -1/44 HPs)
             Began as a Gargoyle Berserker on Mar 24, 2020.
             Was a Priest of Trog.
             Slain by an ogre
             ... wielding a +0 giant spiked club
              (19 damage)
             ... on level 4 of the Dungeon.
             The game lasted 00:03:50 (1819 turns).

Arthanis the Chopper (Gargoyle Berserker)           Turns: 1819, Time: 00:03:51

Health: -1/44      AC: 16    Str: 21    XL:     7   Next: 8%
Magic:  8/8        EV:  7    Int:  9    God:    Trog [***...]
Gold:   249        SH:  0    Dex: 13    Spells: 6/6 levels left

rFire    . . .     SeeInvis .   a - +0 hand axe
rCold    . . .     Gourm    .   (no shield)
rNeg     + . .     Faith    .   m - +0 plate armour
rPois    ∞         Spirit   .   (no helmet)
rElec    +         Reflect  .   (no cloak)
rCorr    .         Harm     .   (no gloves)
MR       .....                  (no boots)
Stlth    ..........             (no amulet)
HPRegen  0.14/turn              s - +2 ring of dexterity
MPRegen  0.11/turn              d - +2 ring of dexterity

@: berserk cooldown, slowed, very slow
A: negative energy resistance 1, electricity resistance, unbreathing,
petrification resistance, rot immunity, AC +4
a: Berserk, Trog's Hand, Renounce Religion


You were on level 4 of the Dungeon.
You worshipped Trog.
Trog was most pleased with you.
You were hungry.

You visited 1 branch of the dungeon, and saw 4 of its levels.

You collected 249 gold pieces.

Inventory:

Hand Weapons
 a - a +0 hand axe (weapon)
Armour
 b - a +0 animal skin
 h - a +0 scale mail
 m - a +0 plate armour (worn)
Jewellery
 d - a +2 ring of dexterity (right hand)
 s - a +2 ring of dexterity (left hand)
 w - an uncursed ring of stealth {unknown}
Wands
 q - a wand of acid (9)
 t - a wand of flame (11)
 u - a wand of digging (5)
Scrolls
 e - a scroll of blinking {unknown}
 f - 2 scrolls of magic mapping {unknown}
 k - 2 scrolls of teleportation {unknown}
 o - a scroll of fog {unknown}
 r - 4 scrolls of remove curse {unknown}
 v - a scroll of amnesia {unknown}
 x - a scroll of enchant armour {unknown}
 y - a scroll of identify {unknown}
Potions
 g - a potion of curing {unknown}
 i - a potion of magic {unknown}
 j - a potion of ambrosia {unknown}
 l - 3 potions of berserk rage {unknown}
 p - a potion of flight {unknown}
 z - a potion of cancellation {unknown}
Comestibles
 c - 6 rations
 n - a chunk of flesh


   Skills:
 + Level 4.8 Fighting
 * Level 5.0 Axes
 - Level 4.0 Armour
 - Level 2.0 Dodging
 - Level 2.0 Evocations


You had 6 spell levels left.
You didn't know any spells.
Your spell library was empty.

Dungeon Overview and Level Annotations

Branches:
Dungeon (4/15)
 Temple: D:4-7

Altars:
Sif Muna


Innate Abilities, Weirdness & Mutations

You are resistant to torment.
Your stone body is resilient. (AC +4)
You are immune to poison.
You resist negative energy. (rN+)
You are resistant to electric shocks. (rElec)
You can survive without breathing.
You are immune to petrification.
You are immune to rotting.


Message History

You slash the orc!
You kill the orc!
Trog accepts your kill.
You hit the orc.
The orc is heavily wounded.
The orc hits you but does no damage.
You slash the orc!
You kill the orc!
Trog accepts your kill.
You are no longer berserk.
You are exhausted.
You feel yourself slow down.
The ogre hits you with a +0 giant spiked club!!
Ouch! That really hurt!
Items here: )) [[ † a +0 hand axe; a cursed -1 ring mail; a +0 mace; a +0 leather armour an orc corpse You are too injured to fight recklessly!
The ogre hits you with a +0 giant spiked club!!
You die...

#.# ##.#
#..# #.##
#.# #.#
####)#
##..)O#
##....@##
#.......#
#.......#
#.......#
##.....##
#.....<.#
#.......#
#.......#
##.....##


You could see an ogre.

Vanquished Creatures
  Grinder (D:3)
  A hound (D:2)
  An orc priest (D:3)
  An orc wizard (D:4)
  Natasha (twice) (D:3)
  A worker ant (D:4)
  3 adders
  A dart slug (D:1)
  11 orcs
  4 giant cockroaches
  9 goblins
  5 hobgoblins
  A quokka (D:3)
  12 bats
  6 frilled lizards
  6 kobolds
  7 rats
72 creatures vanquished.

Notes
Turn   | Place    | Note
-------+----------+-------------------------------------------
     0 | D:1      | Arthanis the Gargoyle Berserker began the quest for the
                  | Orb.
     0 | D:1      | Reached XP level 1. HP: 14/14 MP: 1/1
    39 | D:1      | Reached XP level 2. HP: 9/19 MP: 2/2
   124 | D:1      | Reached skill level 3 in Axes
   558 | D:2      | Reached ** piety under Trog
   696 | D:2      | Reached XP level 3. HP: 23/23 MP: 3/3
   804 | D:2      | Reached XP level 4. HP: 20/29 MP: 4/4
  1094 | D:3      | Noticed Natasha
  1108 | D:3      | Killed Natasha
  1108 | D:3      | Reached skill level 1 in Evocations
  1110 | D:3      | Reached XP level 5. HP: 21/33 MP: 5/5
  1229 | D:3      | Found a shimmering blue altar of Sif Muna.
  1281 | D:3      | Noticed Grinder
  1289 | D:3      | Paralysed by Grinder for 3 turns
  1293 | D:3      | Killed Grinder
  1293 | D:3      | Reached skill level 4 in Axes
  1293 | D:3      | Reached XP level 6. HP: 39/39 MP: 5/7
  1538 | D:3      | Noticed Natasha
  1544 | D:3      | Killed Natasha
  1544 | D:3      | Reached *** piety under Trog
  1808 | D:4      | Reached XP level 7. HP: 44/44 MP: 8/8
  1809 | D:4      | Reached skill level 5 in Axes
  1819 | D:4      | Slain by an ogre

Levels and vault maps discovered:
D:1:      tarquinn_simple_flora_water_e, layout_rooms, solitary_fountain,
          minmay_split_cup_small
D:2:      layout_basic
D:3:      layout_basic, lemuel_doored_altar, chequers_serial_rivers_room_a,
          uniq_natasha, uniq_grinder
D:4:      layout_rooms, minmay_temple_entry_purple_smoke, serial_shops,
          nicolae_shop_trees, first_ration, uniq_duvessa

Skill      XL: |  1  2  3  4  5  6  7 |
---------------+----------------------+-----
Axes           | 3 4 5 |  5.0
Dodging        | 2 |  2.0
Armour         | 3 4 |  4.0
Evocations     | 1 2 |  2.0
Fighting       | 4 |  4.8

Action                   |  1- 3 |  4- 6 |  7- 9 || total
-------------------------+-------+-------+-------++-------
Melee: Hand axe          |    87 |   147 |     8 ||   242
Invok: Berserk           |     1 |     3 |       ||     4
Evoke: Wand              |       |     6 |       ||     6
  Eat: Chunk             |       |     6 |       ||     6
Armor: Animal skin       |    13 |       |       ||    13
       Plate armour      |    73 |   138 |     3 ||   214
       Scale mail        |     3 |       |       ||     3
Dodge: Dodged            |    54 |    54 |     1 ||   109

Table legend:
 A = Non-vault XP
 B = Vault XP
 C = Vault XP percentage of total XP
 D = Non-vault monster count
 E = Vault monster count
 F = Vault count percentage of total count
                 A         B        C        D         E       F
            +---------+---------+-------+---------+---------+-------
      Total |     345 |     320 |  48.1 |      67 |       5 |   6.9
            +---------+---------+-------+---------+---------+-------
        D:1 |      25 |       4 |  13.8 |      15 |       3 |  16.7
        D:2 |      78 |       0 |   0.0 |      14 |       0 |   0.0
        D:3 |     157 |     316 |  66.8 |      32 |       2 |   5.9
        D:4 |      85 |       0 |   0.0 |       6 |       0 |   0.0
            +---------+---------+-------+---------+---------+-------
